 Dungeon Crawl Stone Soup version 0.30-a0-1066-g63dfefce0d (webtiles) character file.

Game seed: 4614786669675738753

735 kiwi3s the Chopper (level 7, -11/61 HPs)
             Began as a Minotaur Gladiator on Apr 11, 2023.
             Mangled by an ogre
             ... wielding a +0 giant spiked club
              (17 damage)
             ... on level 5 of the Dungeon on Apr 12, 2023.
             The game lasted 00:07:40 (3690 turns).

kiwi3s the Chopper (Minotaur Gladiator)             Turns: 3690, Time: 00:07:40

Health: -11/61     AC:  5    Str: 20    XL:     7   Next: 45%
Magic:  6/6        EV: 13    Int:  5    God:
Gold:   245        SH:  0    Dex: 12    Spells: 6/6 levels left

rFire   . . .      SeeInvis .    a - +0 war axe
rCold   . . .      Faith    .    (no shield)
rNeg    . . .      Spirit   .    b - +0 leather armour
rPois   .          Reflect  .    t - +2 hat
rElec   .          Rampage  .    (no cloak)
rCorr   .                        (no gloves)
Will    .....                    (no boots)
Stlth   +                        u - amulet of regeneration
HPRegen 1.10/turn                (no ring)
MPRegen 0.10/turn                (no ring)

@: no status effects
A: horns 2, retaliatory headbutt
a: no special abilities


You were on level 5 of the Dungeon.
You visited 1 branch of the dungeon, and saw 5 of its levels.

You collected 245 gold pieces.

Inventory:

Hand Weapons
 a - a +0 war axe (weapon)
Missiles
 d - a throwing net (quivered)
Armour
 b - a +0 leather armour (worn)
 c - a +0 hat
 t - a +2 hat (worn)
 w - a +0 cloak
Jewellery
 u - an amulet of regeneration (around neck)
Scrolls
 f - a scroll of torment {unknown}
 g - a scroll of noise {unknown}
 i - 2 scrolls of teleportation {unknown}
 j - 4 scrolls of fog {unknown}
 k - 2 scrolls of blinking {unknown}
 l - a scroll of magic mapping {unknown}
 n - a scroll of identify {unknown}
 o - a scroll of acquirement {unknown}
 r - a scroll of enchant weapon {unknown}
Potions
 e - 2 potions of attraction {unknown}
 h - a potion of haste {unknown}
 m - a potion of heal wounds {unknown}
 p - a potion of mutation {unknown}
 q - a potion of lignification {unknown}
 s - a potion of degeneration {unknown}
 v - 2 potions of berserk rage {unknown}


   Skills:
 + Level 5.4 Fighting
 + Level 6.1 Axes
 + Level 4.5 Throwing
 + Level 5.5 Dodging


You had 6 spell levels left.
You didn't know any spells.
Your spell library contained the following spells:

 Spells                   Type           Power      Damage    Failure   Level
 Summon Small Mammal      Summ           0%         N/A       54%         1
 Call Canine Familiar     Summ           0%         N/A       88%         3
 Summon Guardian Golem    Hex/Summ       0%         N/A       88%         3
 Anguish                  Hex/Necr       0%         N/A       99%         4
 Cause Fear               Hex            0%         N/A       99%         4
 Blade Hands              Tmut           0%         N/A       100%        5
 Irradiate                Conj/Tmut      0%         3d11      100%        5
 Dragon Form              Tmut           0%         N/A       100%        7
 Enfeeble                 Hex            0%         N/A       100%        7


Dungeon Overview and Level Annotations

Branches:
Dungeon (5/15)
 Temple: D:4-7

Altars:
Makhleb
The Shining One

Shops:
D:2 =   D:5 ?


Innate Abilities, Weirdness & Mutations

You have a pair of horns on your head.
You reflexively headbutt those who attack you in melee.


Message History

You headbutt the white imp.
You kill the white imp!
No target in view!
No target in view!
A hound comes into view.
An ogre comes into view. It is wielding a +0 giant spiked club.
The ogre shouts!
There are monsters nearby!
A hound is nearby!
A hound is nearby!
The hound bites you. x2
You see here an adder corpse.
You hit the hound. You headbutt the hound. You punch the hound.
The hound is almost dead.
The hound barely misses you. You furiously retaliate!
You headbutt the hound!
You kill the hound!
An adder comes into view.
A jackal comes into view.
The jackal barks!
The adder hisses angrily.
You hit the ogre. You headbutt the ogre.
The ogre is lightly wounded.
The ogre hits you with a +0 giant spiked club!
There are monsters nearby!
You slash the ogre!
The ogre is heavily wounded.
A jackal comes into view.
The ogre closely misses you.
A jackal comes into view.
The jackal barks!
You hit the ogre but do no damage. You headbutt the ogre.
The ogre is severely wounded.
You barely miss the adder. You hit the jackal.
You kill the jackal!
The adder bites you but does no damage. The adder misses you.
The ogre hits you with a +0 giant spiked club!!
* * * LOW HITPOINT WARNING * * *
You hit the ogre but do no damage.
The ogre is severely wounded.
You slash the adder! The adder bites you but does no damage.
The ogre hits you with a +0 giant spiked club!
You die...

#..... #.!...
#.....# ###. #....O#
..... #.....# ###...
###.....# #...
........###†#####.##
..(..h..O@S.<.......
.....h!......#######
.................
##.####..$...####
#.......#####
#####.#.# $.....
∩#.#..# #.#.#...


You could see an ogre, an adder and 2 jackals.

Vanquished Creatures
  2 black bears (D:4)
  An ogre (D:5)
  2 scorpions (D:4)
  A howler monkey (D:5)
  A hound (D:5)
  A sleepcap (D:4)
  2 iguanas (D:4)
  2 orc wizards (D:4)
  5 adders
  A white imp (D:5)
  2 worms
  4 dart slugs
  7 orcs
  6 bats
  6 endoplasms
  5 giant cockroaches
  7 goblins
  7 hobgoblins
  5 jackals
  4 kobolds
  3 quokkas (D:1)
  8 ball pythons
  3 frilled lizards
  9 rats
94 creatures vanquished.

Notes
Turn   | Place    | Note
-------+----------+-------------------------------------------
     0 | D:1      | kiwi3s the Minotaur Gladiator began the quest for the Orb.
     0 | D:1      | Reached XP level 1. HP: 18/18 MP: 0/0
   170 | D:1      | Reached XP level 2. HP: 25/25 MP: 1/1
   770 | D:1      | Reached skill level 4 in Axes
  1061 | D:2      | Reached XP level 3. HP: 24/31 MP: 2/2
  1184 | D:2      | Found Meaneu Muamp's Jewellery Shop.
  1321 | D:2      | Found a burning altar of Makhleb.
  1424 | D:2      | Reached XP level 4. HP: 38/38 MP: 3/3
  2528 | D:4      | Noticed a scorpion
  2716 | D:3      | Upgraded the game from 0.30-a0-1053-gbd8d5ba0ad to
                  | 0.30-a0-1066-g63dfefce0d
  2790 | D:4      | Reached XP level 5. HP: 20/46 MP: 4/4
  2973 | D:4      | Reached skill level 5 in Axes
  3050 | D:4      | Noticed a black bear
  3059 | D:4      | Killed a black bear
  3060 | D:4      | Reached XP level 6. HP: 53/53 MP: 5/5
  3197 | D:4      | Reached skill level 5 in Fighting
  3197 | D:4      | Reached skill level 5 in Dodging
  3232 | D:4      | Reached XP level 7. HP: 61/61 MP: 6/6
  3288 | D:4      | Found a glowing golden altar of the Shining One.
  3658 | D:5      | Entered Level 5 of the Dungeon
  3659 | D:5      | Found Wyosawutel's Magic Scroll Boutique.
  3666 | D:5      | Reached skill level 6 in Axes
  3690 | D:5      | Mangled by an ogre

Illustrated notes

Levels and vault maps discovered:
D:1:      dpeg_arrival_concentric_ovals, layout_basic
D:2:      layout_rooms, serial_shops, shop, basic_altar
D:3:      layout_basic
D:4:      layout_basic, lemuel_doored_altar
D:5:      minmay_angry_zag, layout_basic, bloody_trog, serial_shops, shop

Skill      XL: |  1  2  3  4  5  6  7 |
---------------+----------------------+-----
Fighting       | 3 4 5 |  5.4
Axes           | 4 5 6 |  6.1
Dodging        | 4 5 |  5.5
Throwing       | 3 4 |  4.5

Action                     |  1- 3 |  4- 6 |  7- 9 || total
---------------------------+-------+-------+-------++-------
  Melee: War axe           |    79 |    89 |    17 ||   185
         Headbutt          |     6 |    17 |     6 ||    29
         Punch             |       |       |     1 ||     1
  Throw: Throwing net      |       |     2 |     1 ||     3
         Javelin           |       |     1 |       ||     1
    Use: Potion            |       |     2 |       ||     2
 Armour: Leather armour    |    24 |    26 |     5 ||    55
  Dodge: Dodged            |    67 |    73 |    15 ||   155

Table legend: (Time is in decaauts)
 A = Elapsed time spent in this place.
 B = Non-inter-level travel time spent in this place.
 C = Inter-level travel time spent in this place.
 D = Time resting spent in this place.
 E = Time spent auto-exploring this place.
 F = Levels seen in this place.
 G = Mean time per level.
                   A        B        C        D        E       F      G
               +--------+--------+--------+--------+--------+-----+--------+
         Total |   3740 |   3580 |    160 |    252 |   2730 |   5 |  748.0 |
       Dungeon |   3740 |   3580 |    160 |    252 |   2730 |   5 |  748.0 |
               +--------+--------+--------+--------+--------+-----+--------+

Top non-repeatable levels by time:
     D:3: 1160 daAuts
     D:1: 1068 daAuts
     D:4: 963 daAuts
     D:2: 513 daAuts
     D:5: 34 daAuts
